 Dungeon Crawl Stone Soup version 0.29.1-2-gbd0b4ee654 (webtiles) character file.

Game seed: 8397941356795423007

168 GeoRichter the Chiller (level 5, 0/35 HPs)
             Began as a Demonspawn Ice Elementalist on Nov 9, 2022.
             Shot with an arrow by a centaur (7 damage)
             ... on level 4 of the Dungeon.
             The game lasted 00:05:25 (3262 turns).

GeoRichter the Chiller (DsIE)                       Turns: 3262, Time: 00:05:26

Health: 0/35       AC:  9    Str: 15    XL:     5   Next: 23%
Magic:  5/9        EV: 11    Int: 22    God:
Gold:   152        SH:  3    Dex: 13    Spells: 3/10 levels left

rFire   . . .      SeeInvis .   q - +0 spear
rCold   . . .      Faith    .   c - +0 buckler
rNeg    . . .      Spirit   .   h - +0 leather armour
rPois   .          Reflect  .   (no helmet)
rElec   .          Harm     .   (no cloak)
rCorr   .          Rampage  .   (no gloves)
Will    .....                   k - +0 pair of boots
Stlth   ++........              p - amulet of magic regeneration
HPRegen 0.11/turn               v - +6 ring of strength
MPRegen 0.51/turn               (no ring)

@: ice-armoured, freezing walls, hasted, very quick
A: ignite blood 1, big brain 2
a: no special abilities


You were on level 4 of the Dungeon.
You visited 1 branch of the dungeon, and saw 4 of its levels.

You collected 152 gold pieces.

Inventory:

Hand Weapons
 q - a +0 spear (weapon)
   (You found it on level 3 of the Dungeon)
Armour
 a - a +0 robe
 c - a +0 buckler (worn)
   (You found it on level 1 of the Dungeon)
 h - a +0 leather armour (worn)
   (You found it on level 1 of the Dungeon)
 k - a +0 pair of boots (worn)
   (You found it on level 2 of the Dungeon)
Jewellery
 p - an amulet of magic regeneration (around neck)
   (You found it on level 3 of the Dungeon)
 v - a +6 ring of strength (left hand)
   (You found it on level 3 of the Dungeon)
Wands
 x - a wand of flame (14)
   (You found it on level 4 of the Dungeon)
Scrolls
 e - a scroll of butterflies {unknown}
 i - a scroll of immolation {unknown}
 l - a scroll of enchant weapon {unknown}
 m - 2 scrolls of identify {unknown}
 n - a scroll of fear {unknown}
 o - a scroll of magic mapping {unknown}
 r - a scroll of amnesia {unknown}
 t - a scroll of blinking {unknown}
Potions
 b - a potion of haste {@q3}
 d - 2 potions of invisibility {unknown}
 f - a potion of mutation {unknown}
 g - a potion of curing {unknown}
 j - a potion of flight {unknown}
 s - a potion of resistance {unknown}
 u - a potion of heal wounds {unknown}
 w - a potion of brilliance {unknown}
 z - a potion of degeneration {unknown}


   Skills:
 - Level 1.7 Dodging
 - Level 1.7 Stealth
 + Level 3.2 Spellcasting
 * Level 5.3 Ice Magic


You had 3 spell levels left.
You knew the following spells:

 Your Spells              Type           Power      Damage    Failure   Level
a - Freeze                Ice            100%       1d11      2%          1
b - Frozen Ramparts       Ice            54%        1d9       7%          3
c - Ozocubu's Armour      Ice            27%        N/A       7%          3

Your spell library contained the following spells:

 Spells                   Type           Power      Damage    Failure   Level
 Foxfire                  Conj/Fire      12%        2x1d4     22%         1
 Confusing Touch          Hex            3%         N/A       54%         3
 Conjure Flame            Conj/Fire      3%         6-21      54%         3
 Inner Flame              Hex/Fire       3%         N/A       54%         3
 Hailstorm                Conj/Ice       15%        3d5       56%         4
 Flame Wave               Conj/Fire      3%         2d5       91%         4
 Yara's Violent Unravell  Hex/Tmut       1%         3d3       99%         5
 Enfeeble                 Hex            1%         N/A       100%        7


Dungeon Overview and Level Annotations

Branches:
Dungeon (4/15) Zot: 20736
 Temple: D:4-7

Altars:
Okawaru


Innate Abilities, Weirdness & Mutations

Your demonic aura sometimes causes spilled blood to erupt in flames.
You have an extremely huge brain. (Int +4)


Message History

A hobgoblin is nearby!
You reach to attack!
The helpless hobgoblin fails to defend itself.
You hit the hobgoblin. You freeze the hobgoblin.
You kill the hobgoblin!
Found an iron wand.
You now have 152 gold pieces (gained 12).
Found a fizzy amethyst potion.
x - a wand of flame (14)
Found a chain mail.
Key pressed, stopping explore.
z - a fizzy amethyst potion
Found a dagger.
A centaur comes into view.
The centaur shouts!
The centaur wields a +0 shortbow.
The centaur shoots an arrow.
The arrow misses you.
The centaur shoots an arrow.
The arrow misses you.
The centaur shoots an arrow.
The arrow hits you!
Found a scroll labelled QORO VOTADO and a cloak.
The centaur shoots an arrow.
The arrow completely misses you.
A ball python comes into view.
The centaur shoots an arrow.
The arrow barely misses you.
You hear a shout!
Found a stone staircase leading down.
The centaur shoots an arrow.
You block the arrow.
The centaur shoots an arrow.
The arrow hits you!
* * * LOW HITPOINT WARNING * * *
You see here a +0 dagger.
The walls around you are covered in ice.
A film of ice covers your body!
The wall freezes the centaur.
You are too injured to fight recklessly!
It was a potion of haste.
You feel yourself speed up.
The wall freezes the centaur.
The centaur shoots an arrow.
The arrow hits you.
* * * LOW HITPOINT WARNING * * *
The wall freezes the centaur but does no damage.
The centaur shoots an arrow.
The arrow barely misses you.
You are too injured to fight recklessly!
You are too injured to fight recklessly!
Okay, then.
Reach: q) +0 spear
Aim: a centaur, wielding a +0 shortbow and wearing an amulet of guardian spirit (lightly wounded, about 30% to evade your +0 spear)
You reach to attack!
You hit the centaur but do no damage.
The wall freezes the centaur.
The centaur shoots an arrow.
The arrow completely misses you.
Reach: q) +0 spear
Aim: a centaur, wielding a +0 shortbow and wearing an amulet of guardian spirit (moderately wounded, about 30% to evade your +0 spear)
You reach to attack!
You hit the centaur but do no damage.
The wall freezes the centaur.
The centaur shoots an arrow.
The arrow hits you!
You die...

..........<##
.........)..#
............#
............##
.............########
....................###
...........########...
).........#########.####
####....#####.@.c[....?.
##......##S###.#.#.#.
#...##.##..#........
#......###....#.#.#.
#...........#c......
#...##........#.#.#.
########.....S......
##..........>
#...........


You could see a centaur and a ball python.

Vanquished Creatures
  A hound (D:3)
  An orc priest (D:3)
  4 adders
  A worm (D:2)
  A dart slug (D:2)
  2 orcs (D:3)
  7 endoplasms
  4 giant cockroaches
  3 goblins
  7 hobgoblins
  7 jackals
  3 quokkas
  A ball python (D:2)
  6 bats
  3 frilled lizards
  6 kobolds
  11 rats
68 creatures vanquished.

Vanquished Creatures (others)
  6 fungi (D:2)
  6 plants (D:2)
12 creatures vanquished.

Grand Total: 80 creatures vanquished

Notes
Turn   | Place    | Note
-------+----------+-------------------------------------------
     0 | D:1      | GeoRichter the Demonspawn Ice Elementalist began the quest
                  | for the Orb.
     0 | D:1      | Reached XP level 1. HP: 13/13 MP: 3/3
   252 | D:1      | Gained mutation: You have an unusually large brain. (Int
                  | +2) [demonic ancestry]
   252 | D:1      | Reached XP level 2. HP: 11/19 MP: 0/5
   460 | D:1      | Reached skill level 4 in Ice Magic
  1083 | D:2      | Gained mutation: You have an extremely huge brain. (Int +4)
                  | [demonic ancestry]
  1083 | D:2      | Reached XP level 3. HP: 24/24 MP: 2/6
  1087 | D:2      | Learned a level 3 spell: Frozen Ramparts
  1091 | D:2      | Learned a level 3 spell: Ozocubu's Armour
  1548 | D:2      | Reached XP level 4. HP: 25/30 MP: 6/8
  1632 | D:2      | Found a faded altar of an unknown god.
  2179 | D:3      | Reached skill level 5 in Ice Magic
  2467 | D:3      | Found an iron altar of Okawaru.
  2580 | D:3      | Gained mutation: Your demonic aura sometimes causes spilled
                  | blood to erupt in flames. [demonic ancestry]
  2580 | D:3      | Reached XP level 5. HP: 23/35 MP: 5/9
  3248 | D:4      | Noticed a centaur
  3262 | D:4      | Shot with an arrow by a centaur

Illustrated notes

Levels and vault maps discovered:
D:1:      dpeg_arrival_ratfight, layout_rooms, hangedman_decor_diamond_cutter
D:2:      layout_loops_ring, dreamdust_ecumenical_altar_hidden_monk_grotto
D:3:      layout_basic, mainiacjoe_overflow_alcove_1, nrook_mini_vaults,
          minmay_misc_feat_five, minmay_misc_feat_plants, dreamdust_wishing_well
D:4:      layout_rooms, mainiacjoe_overflow_six_doors_small, serial_glass,
          glass_columns_c, glass_columns_a, glass_columns_b, glass_columns_b,
          due_unseen_surprise

Skill      XL: |  1  2  3  4 |
---------------+-------------+-----
Ice Magic      | 4 5 |  5.3
Spellcasting   | 3 |  3.2
Dodging        | |  1.7
Stealth        | |  1.7

Action                   |  1- 3 |  4- 6 || total
-------------------------+-------+-------++-------
Melee: Unarmed           |     6 |       ||     6
       Short sword       |     7 |     2 ||     9
       Punch             |     1 |       ||     1
       Spear             |       |    21 ||    21
 Cast: Freeze            |    55 |    28 ||    83
       Frozen Ramparts   |       |     4 ||     4
       Ozocubu's Armour  |       |     3 ||     3
  Use: Potion            |     1 |     1 ||     2
 Stab: Sleeping          |     2 |     4 ||     6
Armor: Robe              |     5 |     4 ||     9
Dodge: Dodged            |    30 |    20 ||    50
Block: Buckler           |       |     1 ||     1
